Map: Eternal Empire LE

Players

Tonhaaz - Winner!

  • Race: Terran Terran
  • Spawn Location: 7:00

Ratl

  • Race: Protoss Protoss
  • League: Silver
  • Spawn Location: 1:00

VOD

Have the link to the VOD?

Description

Time

  • Played on: Jan. 14, 2020, 9:15 a.m.
  • Length: 12:50
Show
View Real Time Build Order
Export as new Build Order

Tonhaaz Terran - Winner!

Build Orders:  

Get SALT Encoding   

  12  0:01  SCV  
  13  0:13  SCV  
  14  0:19  Supply Depot  
  14  0:25  SCV  
  15  0:28  Refinery  
  15  0:43  Barracks  
  15  0:46  SCV  
  16  0:58  SCV  
  16  1:02  Supply Depot  
  17  1:10  SCV  
  18  1:19  Barracks  
  18  1:24  SCV  
  19  1:33  Reaper  
  20  1:41  Refinery  
  20  1:43  SCV  
  21  1:51  Factory  
  21  1:55  SCV  
  22  2:11  Supply Depot, Barracks Reactor  
  22  2:12  Barracks Tech Lab  
  22  2:17  SCV  
  23  2:29  SCV  
  24  2:34  Marauder  
  26  2:37  Factory Tech Lab  
  26  2:42  Supply Depot  
  26  3:02  SCV  
  26  3:04  Marine x2  
  28  3:14  SCV, Siege Tank  
  32  3:24  Bunker  
  32  3:27  Marine x2  
  32  3:29  Starport  
  34  3:37  Orbital Command  
  34  4:06  Command Center  
  34  4:09  SCV  
  35  4:21  Siege Tank  
  38  4:26  SCV  
  38  4:28  Barracks  
  39  4:36  Marine x2  
  41  4:43  Engineering Bay  
  41  4:46  SCV, Supply Depot  
  41  4:52  Marine  
  42  4:53  Marine  
  44  5:00  SCV  
  45  5:11  Neosteel Armor, Missile Turret  
  45  5:13  SCV  
  46  5:23  Sensor Tower  
  46  5:25  SCV  
  46  5:27  SCV  
  48  5:32  Supply Depot  
  48  5:34  Barracks Reactor  
  48  5:37  SCV  
  48  5:42  Orbital Command  
  49  5:55  SCV  
  49  5:56  Supply Depot  
  50  6:05  Medivac  
  50  6:07  Marine x2, SCV, Engineering Bay  
  55  6:11  Stimpack  
  55  6:16  SCV  
  56  6:28  SCV  
  57  6:35  Medivac  
  59  6:40  SCV  
  59  6:42  Starport  
  60  7:00  Marine x2  
  62  7:08  SCV x2  
  63  7:11  Starport Reactor  
  63  7:15  Starport  
  64  7:20  SCV, Bunker  
  64  7:21  SCV  
  66  7:23  Refinery  
  66  7:24  Refinery  
  66  7:27  Starport Reactor  
  66  7:32  SCV  
  66  7:33  SCV  
  68  7:44  Marine x4  
  68  7:45  SCV, Command Center  
  68  7:48  Terran Infantry Weapons Level 1  
  68  7:49  Terran Infantry Armor Level 1  
  73  7:51  Combat Shield  
  73  7:52  Viking x2  
  73  7:57  SCV  
  78  8:00  SCV  
  78  8:04  Marine  
  78  8:05  Marine x2  
  82  8:06  Marine  
  82  8:10  Viking  
  82  8:12  SCV  
  86  8:17  Supply Depot  
  86  8:24  Supply Depot  
  86  8:25  Starport Reactor  
  86  8:38  Marine x4, Viking  
  86  8:39  Marauder  
  94  8:45  SCV, Siege Tank  
  98  8:56  Marine  
  98  8:58  SCV  
  100  9:06  Sensor Tower  
  100  9:08  SCV  
  101  9:10  SCV  
  102  9:17  Marine  
  102  9:18  Marine x4, Siege Tank  
  102  9:20  SCV  
  102  9:22  SCV  
  112  9:27  Supply Depot  
  112  9:28  Supply Depot x2  
  112  9:32  SCV  
  112  9:34  SCV  
  112  9:35  Marine x2  
  112  9:36  Marine, Orbital Command  
  117  9:48  Marine x2  
  117  9:49  SCV x2, Refinery  
  117  9:50  Siege Tank  
  117  9:51  Supply Depot  
  117  9:52  Refinery  
  124  9:53  Marine x3, Supply Depot  
  127  10:03  Supply Depot  
  127  10:05  Supply Depot  
  127  10:06  Marine  
  128  10:07  Supply Depot  
  128  10:08  SCV  
  129  10:17  Viking x4  
  129  10:18  Armory  
  129  10:20  SCV  
  138  10:22  Siege Tank  
  141  10:34  Marine x3  
  141  10:35  Marine x2  
  146  10:39  Barracks  
  146  10:47  Barracks  
  146  10:48  Supply Depot x2  
  146  10:50  Barracks  
  146  10:52  Marine x3, Viking x5  
  153  11:25  Viking x2  
  154  11:26  Viking x2  
  154  11:27  Viking  
  154  11:28  Viking  
  154  11:31  Armory  
  154  11:32  Armory  
  164  11:40  Barracks Reactor  
  164  11:50  Supply Depot  
  164  11:51  SCV  
  165  12:03  SCV  
Show
View Real Time Build Order
Export as new Build Order

Ratl Protoss 

Build Orders:  

Get SALT Encoding   

  12  0:03  Probe  
  13  0:15  Probe  
  13  0:20  Pylon  
  14  0:27  Probe  
  15  0:35  Assimilator  
  15  0:39  Probe (Chrono Boost)  
  16  0:49  Probe (Chrono Boost)  
  17  0:53  Gateway  
  17  0:54  Probe (Chrono Boost)  
  18  1:05  Probe  
  19  1:12  Gateway  
  19  1:18  Probe  
  20  1:19  Assimilator  
  20  1:26  Pylon  
  20  1:30  Probe  
  21  1:42  Probe, Cybernetics Core  
  23  1:54  Probe  
  23  2:06  Probe  
  24  2:18  Probe  
  24  2:19  Nexus  
  27  2:27  Warp Gate  
  27  2:31  Adept (Chrono Boost)  
  27  2:32  Adept (Chrono Boost)  
  27  2:36  Probe  
  30  2:46  Pylon  
  30  2:48  Probe  
  28  3:09  Probe  
  29  3:21  Probe  
  31  3:35  Stargate  
  31  3:36  Stargate  
  31  3:37  Probe (Chrono Boost)  
  31  3:38  Probe (Chrono Boost)  
  32  3:47  Probe (Chrono Boost)  
  34  3:49  Probe (Chrono Boost)  
  32  4:16  Protoss Air Weapons Level 1 (Chrono Boost)  
  30  4:17  Probe x2  
  32  4:25  Void Ray x2  
  32  4:29  Probe (Chrono Boost)  
  42  4:33  Probe (Chrono Boost), Assimilator  
  42  4:37  Assimilator  
  42  4:41  Probe (Chrono Boost)  
  42  4:45  Probe (Chrono Boost)  
  44  4:46  Probe (Chrono Boost)  
  45  4:53  Probe  
  45  4:55  Pylon  
  45  4:56  Probe  
  47  5:06  Probe  
  48  5:08  Probe, Stalker  
  48  5:09  Stalker  
  53  5:18  Void Ray x2  
  61  5:27  Pylon  
  61  5:30  Pylon  
  61  5:39  Probe  
  62  5:43  Pylon  
  62  5:45  Probe  
  63  5:50  Stalker  
  63  5:51  Probe, Stalker  
  63  5:52  Pylon  
  68  5:57  Probe  
  68  6:03  Probe  
  70  6:14  Probe  
  70  6:15  Probe  
  72  6:26  Probe  
  72  6:30  Probe  
  74  6:32  Nexus  
  74  6:36  Assimilator  
  74  6:39  Probe  
  75  6:42  Probe  
  72  7:01  Stalker  
  72  7:02  Stalker  
  72  7:07  Probe x2  
  78  7:12  Protoss Air Armor Level 1 (Chrono Boost)  
  78  7:15  Fleet Beacon  
  78  7:19  Probe x2  
  80  7:25  Oracle x2  
  86  7:31  Probe  
  86  7:32  Probe  
  86  7:33  Assimilator  
  88  7:37  Stalker  
  88  7:38  Zealot  
  92  7:48  Stargate  
  92  7:50  Probe  
  92  7:51  Probe x2  
  95  7:52  Stargate  
  95  7:56  Stargate  
  95  7:57  Void Ray  
  95  8:02  Void Ray  
  95  8:03  Probe  
  104  8:10  Probe  
  104  8:11  Probe  
  106  8:15  Probe  
  106  8:16  Unknown  
  107  8:23  Probe x2  
  109  8:52  Pylon  
  109  8:56  Pylon  
  109  9:00  Shield Battery  
  109  9:01  Shield Battery x2  
  109  9:05  Shield Battery  
  109  9:07  Shield Battery  
  109  9:08  Pylon  
  109  9:10  Void Ray x2  
  109  9:14  Carrier  
  123  9:24  Gateway  
  123  9:26  Gateway, Carrier  
  123  9:28  Gateway  
  123  9:29  Stalker x2  
  123  9:30  Gateway  
  133  9:32  Gateway  
  133  9:58  Pylon  
  133  9:59  Pylon  
  133  10:03  Pylon  
  133  10:06  Pylon  
  133  10:16  Void Ray x2  
  133  10:17  Void Ray  
  145  10:22  Pylon  
  145  10:27  Pylon  
  145  10:30  Stalker x2  
  145  10:35  Tempest x2  
  159  10:37  Pylon  
  159  10:39  Pylon  
  159  10:41  Pylon  
  159  10:44  Sentry x2  
  159  10:45  Sentry  
  159  10:47  Zealot x2  
  169  10:54  Tempest (Chrono Boost)  
  174  11:21  Void Ray (Chrono Boost)  
  174  11:22  Void Ray (Chrono Boost)  
  174  11:23  Carrier (Chrono Boost)  
  192  11:31  Void Ray (Chrono Boost)  
  192  11:42  Twilight Council  
  192  11:44  Shield Battery  
  192  11:54  Stalker  
  192  11:55  Stalker  
  192  11:56  Zealot x2  
  192  12:09  Adept  
  102  12:29  Stalker x3  
  83  12:30  Stalker x4  
Tags
 
Add a new tag
Caveats
  • Supply blocks, unpowered buildings, or Contaminate may cause inaccurate times.
  • Supply counts are checked every 10 seconds.